 Dungeon Crawl Stone Soup version 0.28-a0-1199-gef9e1dbd39 (webtiles) character file.

Game seed: 12485132729786356476

718 blank1 the Chopper (level 7, -6/64 HPs)
             Began as a Hill Orc Fighter on Dec 20, 2021.
             Mangled by Prince Ribbit (12 damage)
             ... on level 5 of the Dungeon.
             The game lasted 00:05:17 (3554 turns).

blank1 the Chopper (Hill Orc Fighter)               Turns: 3554, Time: 00:05:18

Health: -6/64      AC: 11    Str: 21    XL:     7   Next: 70%
Magic:  7/7        EV: 10    Int:  8    God:
Gold:   240        SH:  4    Dex: 10    Spells: 6/6 levels left

rFire   . . .      SeeInvis .   a - +1 war axe
rCold   . . .      Faith    .   c - +0 buckler
rNeg    . . .      Spirit   .   b - +0 scale mail
rPois   .          Reflect  .   (no helmet)
rElec   .          Harm     .   n - +0 cloak
rCorr   .          Rampage  .   i - +2 pair of gloves
Will    .....                   (no boots)
Stlth   ..........              e - amulet of magic regeneration
HPRegen 0.20/turn               (no ring)
MPRegen 0.50/turn               (no ring)

@: no status effects
A: no striking features
a: no special abilities


You were on level 5 of the Dungeon.
You visited 1 branch of the dungeon, and saw 5 of its levels.

You collected 240 gold pieces.

Inventory:

Hand Weapons
 a - a +1 war axe (weapon)
 d - a +0 morningstar
Armour
 b - a +0 scale mail (worn)
 c - a +0 buckler (worn)
 i - a +2 pair of gloves (worn)
 n - a +0 cloak (worn)
Jewellery
 e - an amulet of magic regeneration (around neck)
Scrolls
 f - 2 scrolls of immolation {unknown}
 g - a scroll of magic mapping {unknown}
 j - a scroll of silence
Potions
 h - a potion of mutation {unknown}
 k - a potion of brilliance
 o - a potion of lignification
 p - a potion of magic
 q - a potion of curing {unknown}
 r - a potion of resistance {unknown}


   Skills:
 + Level 6.6 Fighting
 + Level 7.6 Axes
 - Level 4.0 Armour
 - Level 2.0 Dodging
 - Level 4.0 Shields


You had 6 spell levels left.
You didn't know any spells.
Your spell library contained the following spells:

 Spells                   Type           Power      Damage    Failure   Level
 Fireball                 Conj/Fire      0%         3d3       100%        5
 Iskenderun's Battlesphe  Conj           0%         2d6       100%        5
 Conjure Ball Lightning   Conj/Air       0%         3x3d6     100%        6
 Orb of Destruction       Conj           0%         N/A       100%        7


Dungeon Overview and Level Annotations

Branches:
Dungeon (5/15)
 Temple: D:4-7

Altars:
Makhleb
Vehumet
Xom

Shops:
D:2 [

Annotations:
D:5 Prince Ribbit


Message History

Prince Ribbit blinks!
The gnoll barely misses you. The gnoll hits you but does no damage.
Things that are here:
a +0 spear; a gnoll corpse Prince Ribbit hits you! x2; The gnoll throws a throwing net.
The throwing net barely misses you.
The throwing net closely misses Prince Ribbit.
You miss Prince Ribbit. Prince Ribbit barely misses you.
The gnoll hits you but does no damage.
You closely miss Prince Ribbit. Prince Ribbit barely misses you.
Prince Ribbit closely misses you. The gnoll hits you but does no damage.
You barely miss Prince Ribbit.
You are no longer glowing.
Prince Ribbit hits you but does no damage.
The gnoll hits you but does no damage.
You closely miss Prince Ribbit. Prince Ribbit closely misses you.
The gnoll closely misses you.
Prince Ribbit blinks!
You see here a throwing net.
The gnoll barely misses you.
You barely miss Prince Ribbit. Prince Ribbit closely misses you.
The gnoll closely misses you. You block Prince Ribbit's attack.
You barely miss Prince Ribbit. You block Prince Ribbit's attack.
The gnoll hits you but does no damage.
You barely miss Prince Ribbit. Prince Ribbit hits you!
The gnoll hits you from afar with a +0 spear.
Prince Ribbit hits you.
* * * LOW HITPOINT WARNING * * *
You slash Prince Ribbit!
Prince Ribbit is moderately wounded.
Prince Ribbit hits you!
* * * LOW HITPOINT WARNING * * *
The gnoll barely misses you. Prince Ribbit hits you.
* * * LOW HITPOINT WARNING * * *
You barely miss Prince Ribbit.
Prince Ribbit is moderately wounded.
The gnoll hits you but does no damage.
Prince Ribbit blinks!
The gnoll hits you but does no damage.
Prince Ribbit croaks regally.
Prince Ribbit hits you!
You die...

#)# #g# #########.# #.
........#.# #.#
#.#########.#g##### ...
#.#........<#.....#
...###.#.##..#...#####F#
.......#.....#..F#####g#
.>.....#..#.....@..(##.#
####...#..####.####g##g#
...............# #.##.#
.##.........#### #g##.#
..#............ #g##.#
#.#.........### #...g#
#.#........)# ######
#.#.........#
#.###########


You could see Prince Ribbit and a gnoll.

Vanquished Creatures
  Sigmund (D:3)
  2 ogres
  A crimson imp (D:3)
  2 hounds (D:4)
  Crazy Yiuf (D:2)
  A gnoll shaman (D:5)
  Jessica (D:3)
  Natasha (twice) (D:4)
  An orc wizard (D:4)
  Terence (D:3)
  A gnoll (D:5)
  3 adders
  An adder skeleton (D:4)
  A dart slug (D:2)
  9 orcs
  2 bats (D:1)
  4 endoplasms
  7 giant cockroaches
  6 hobgoblins
  2 jackals (D:1)
  2 quokkas
  4 ball pythons
  3 frilled lizards
  7 goblins
  5 kobolds
  4 rats
74 creatures vanquished.

Notes
Turn   | Place    | Note
-------+----------+-------------------------------------------
     0 | D:1      | blank1 the Hill Orc Fighter began the quest for the Orb.
     0 | D:1      | Reached XP level 1. HP: 19/19 MP: 1/1
   218 | D:1      | Reached skill level 3 in Axes
   218 | D:1      | Reached XP level 2. HP: 27/27 MP: 2/2
   743 | D:1      | Reached XP level 3. HP: 33/33 MP: 3/3
   957 | D:2      | Found Conoom's Antique Armour Boutique.
  1115 | D:2      | Found a faded altar of an unknown god.
  1396 | D:2      | Found a runed translucent door.
  1397 | D:2      | Noticed Crazy Yiuf
  1470 | D:2      | Killed Crazy Yiuf
  1471 | D:2      | Reached XP level 4. HP: 10/41 MP: 4/4
  1722 | D:3      | Noticed Sigmund
  1729 | D:3      | Killed Sigmund
  1730 | D:3      | Reached skill level 5 in Fighting
  1730 | D:3      | Reached skill level 5 in Axes
  1730 | D:3      | Reached XP level 5. HP: 40/48 MP: 5/5
  1730 | D:3      | Reached XP level 6. HP: 47/56 MP: 6/6
  1806 | D:3      | Noticed Terence
  1822 | D:3      | Killed Terence
  1823 | D:3      | Reached skill level 1 in Dodging
  1934 | D:3      | Noticed Jessica
  1940 | D:3      | Killed Jessica
  2426 | D:3      | Found a radiant altar of Vehumet.
  2427 | D:3      | Found a burning altar of Makhleb.
  2559 | D:3      | Reached skill level 6 in Axes
  2765 | D:4      | Reached XP level 7. HP: 53/63 MP: 7/7
  2943 | D:4      | Found a shimmering altar of Xom.
  3027 | D:4      | Reached skill level 7 in Axes
  3076 | D:4      | Noticed Natasha
  3085 | D:4      | Killed Natasha
  3160 | D:4      | Noticed Natasha
  3164 | D:4      | Killed Natasha
  3418 | D:5      | Entered Level 5 of the Dungeon
  3511 | D:5      | Noticed Prince Ribbit
  3554 | D:5      | Mangled by Prince Ribbit

Illustrated notes

Levels and vault maps discovered:
D:1:      saegor_arrival_simple_b, layout_basic, dk_noncrumbling_4
D:2:      layout_rooms, serial_shops, shop, chequers_ecumenical_altar_grove,
          uniq_crazy_yiuf_cottage
D:3:      layout_basic, grunt_temple_overflow_lords_of_destruction,
          hangedman_decor_points, uniq_terence, uniq_jessica, uniq_sigmund
D:4:      layout_rooms, xom_butterflies, uniq_natasha
D:5:      layout_basic, uniq_edmund, uniq_prince_ribbit1

Skill      XL: |  1  2  3  4  5  6  7 |
---------------+----------------------+-----
Axes           | 3 5 6 7 |  7.6
Fighting       | 4 5 6 |  6.6
Armour         | 4 |  4.0
Shields        | 4 |  4.0
Dodging        | 2 |  2.0

Action                   |  1- 3 |  4- 6 |  7- 9 || total
-------------------------+-------+-------+-------++-------
Melee: War axe           |    95 |    49 |    76 ||   220
  Use: Potion            |       |     1 |       ||     1
       Scroll            |       |       |     8 ||     8
Armor: Scale mail        |    30 |    19 |    29 ||    78
Dodge: Dodged            |    45 |    23 |    32 ||   100
Block: Buckler           |    25 |     6 |    13 ||    44

Table legend: (Time is in decaauts)
 A = Elapsed time spent in this place.
 B = Non-inter-level travel time spent in this place.
 C = Inter-level travel time spent in this place.
 D = Time resting spent in this place.
 E = Time spent auto-exploring this place.
 F = Levels seen in this place.
 G = Mean time per level.
                   A        B        C        D        E       F      G
               +--------+--------+--------+--------+--------+-----+--------+
         Total |   3596 |   3464 |    132 |    561 |   2253 |   5 |  719.2 |
       Dungeon |   3596 |   3464 |    132 |    561 |   2253 |   5 |  719.2 |
               +--------+--------+--------+--------+--------+-----+--------+

Top non-repeatable levels by time:
     D:3: 1051 daAuts
     D:1: 951 daAuts
     D:2: 786 daAuts
     D:4: 670 daAuts
     D:5: 137 daAuts
